 Dungeon Crawl Stone Soup version 0.28-a0-425-gd0eccab798 (webtiles) character file.

Game seed: 6219948365532900167

16 siradein the Slasher (level 2, -1/39 HPs)
             Began as a Draconian Berserker on Sept 10, 2021.
             Was a Follower of Trog.
             Slain by Terence (7 damage)
             ... on level 2 of the Dungeon.
             The game lasted 00:01:33 (877 turns).

siradein the Slasher (Draconian Berserker)           Turns: 877, Time: 00:01:34

Health: -1/39      AC:  4    Str: 19    XL:     2   Next: 37%
Magic:  2/2        EV: 12    Int:  7    God:    Trog [*.....]
Gold:   33         SH:  0    Dex: 10    Spells: 1/1 levels left

rFire   . . .      SeeInvis .   a - +0 falchion
rCold   . . .      Faith    .   (no shield)
rNeg    . . .      Spirit   .   (armour unavailable)
rPois   .          Reflect  .   (helmet restricted)
rElec   .          Harm     .   (no cloak)
rCorr   .          Rampage  .   (no gloves)
Will    .....                   (no boots)
Stlth   ..........              (no amulet)
HPRegen 0.13/turn               (no ring)
MPRegen 0.08/turn               (no ring)

@: berserking, very quick
A: AC +4, unfitting armour, cold-blooded
a: Renounce Religion, Berserk


You were on level 2 of the Dungeon.
You worshipped Trog.
Trog was aware of your devotion.
You visited 1 branch of the dungeon, and saw 2 of its levels.

You collected 33 gold pieces.

Inventory:

Hand Weapons
 a - a +0 falchion (weapon)
Scrolls
 c - a scroll of teleportation
 d - a scroll of summoning {unknown}
 f - a scroll of fog {unknown}
 g - a scroll of identify {unknown}
Potions
 b - a potion of attraction {unknown}
 e - a potion of lignification {unknown}


   Skills:
 - Level 3.2 Fighting
 + Level 3.8 Long Blades
 - Level 2.6 Dodging


You had one spell level left.
You didn't know any spells.
Your spell library was empty.

Dungeon Overview and Level Annotations

Branches:
Dungeon (2/15)

Altars:

Annotations:
D:2 Terence


Innate Abilities, Weirdness & Mutations

Your plain brown scales are hard. (AC +4)
You cannot fit into any form of body armour.
You are cold-blooded and may be slowed by cold attacks.


Message History

No target in view!
No target in view!
HP restored.
You now have 33 gold pieces (gained 10).
Terence is nearby!
Terence is nearby!
Terence is nearby!
Terence is nearby!
Terence is nearby!
You see here a ball python corpse.
You start waiting.
Terence is nearby!
You hit Terence but do no damage. Terence completely misses you.
You hit Terence but do no damage. Terence hits you with a +0 short sword.
You hit Terence.
Terence is moderately wounded.
Terence shouts, "ATTACK!!!"
Terence hits you with a +0 short sword.
You closely miss Terence.
Terence is moderately wounded.
Terence hits you with a +0 short sword.
You barely miss Terence.
Terence is moderately wounded.
Terence closely misses you. Terence hits you with a +0 short sword.
A red film seems to cover your vision as you go berserk!
You feel yourself moving faster!
You feel mighty! Terence hits you with a +0 short sword.
You closely miss Terence. You tail-slap Terence.
Terence is heavily wounded.
You hit Terence but do no damage.
Terence is heavily wounded.
Terence hits you with a +0 short sword.
You hit Terence.
Terence is heavily wounded.
Terence hits you with a +0 short sword.
* * * LOW HITPOINT WARNING * * *
You barely miss Terence.
Terence is heavily wounded.
Terence hits you with a +0 short sword!
You die...

.#..#.....#.##.#.##.#
#...#..#.#.####.###.#
### ######## ### #.#
#.# ############ #.#
.#?..)....<.# ##.#
............# #..#
............######.##
............#..@@.##
...........†...####
...............#
...............#
...............#
...............#
...............#
...............#
............#


You could see Terence.

Vanquished Creatures
  A bat (D:1)
  3 endoplasms (D:1)
  A giant cockroach (D:1)
  4 kobolds (D:1)
  3 ball pythons
  2 frilled lizards (D:1)
  2 rats (D:1)
16 creatures vanquished.

Notes
Turn   | Place    | Note
-------+----------+-------------------------------------------
     0 | D:1      | siradein the Draconian Berserker began the quest for the
                  | Orb.
     0 | D:1      | Reached XP level 1. HP: 19/19 MP: 1/1
   386 | D:1      | Reached XP level 2. HP: 25/26 MP: 2/2
   777 | D:2      | Noticed Terence
   877 | D:2      | Slain by Terence

Illustrated notes

Levels and vault maps discovered:
D:1:      ncdulo_halloftheorcs, layout_rooms
D:2:      layout_rooms, serial_undead, serial_undead_d, serial_undead_d,
          serial_undead_e, serial_undead_c, serial_undead_f, serial_undead_c,
          minmay_misc_feat_rugged, minmay_puff, uniq_terence

Action                   || total
-------------------------++-------
Melee: Falchion          ||    49
       Tailslap          ||     2
Invok: Berserk           ||     1
  Use: Scroll            ||     1
Armor: Skin              ||    16
Dodge: Dodged            ||    21

Table legend: (Time is in decaauts)
 A = Elapsed time spent in this place.
 B = Non-inter-level travel time spent in this place.
 C = Inter-level travel time spent in this place.
 D = Time resting spent in this place.
 E = Time spent auto-exploring this place.
 F = Levels seen in this place.
 G = Mean time per level.
                   A        B        C        D        E       F      G
               +--------+--------+--------+--------+--------+-----+--------+
         Total |    884 |    861 |     23 |      2 |    723 |   2 |  442.0 |
       Dungeon |    884 |    861 |     23 |      2 |    723 |   2 |  442.0 |
               +--------+--------+--------+--------+--------+-----+--------+

Top non-repeatable levels by time:
     D:1: 784 daAuts
     D:2: 100 daAuts
